 Dungeon Crawl Stone Soup version 0.26-a0-682-g294304f6e8 (webtiles) character file.

Game seed: 8894875066328627555

167 robertstho the Chiller (level 5, -8/28 HPs)
             Began as a Deep Elf Ice Elementalist on Oct 20, 2020.
             Killed from afar by an orc wizard (12 damage)
             ... with a puff of flame
             ... on level 3 of the Dungeon.
             The game lasted 00:03:56 (2276 turns).

robertstho the Chiller (Deep Elf Ice Elementalist)  Turns: 2276, Time: 00:03:57

Health: -8/28      AC:  2    Str:  5    XL:     5   Next: 23%
Magic:  9/14       EV: 13    Int: 21    God:
Gold:   71         SH:  0    Dex: 15    Spells: 7/14 levels left

rFire    . . .     SeeInvis .   c - +0 dagger
rCold    . . .     Faith    .   (no shield)
rNeg     . . .     Spirit   .   a - +0 robe
rPois    .         Reflect  .   (no helmet)
rElec    .         Harm     .   (no cloak)
rCorr    .         Rampage  .   (no gloves)
MR       .....                  (no boots)
Stlth    ++........             (no amulet)
HPRegen  0.09/turn              (no ring)
MPRegen  0.14/turn              (no ring)

@: frozen ramparts
A: no striking features
a: no special abilities


You were on level 3 of the Dungeon.
You visited 1 branch of the dungeon, and saw 3 of its levels.

You collected 71 gold pieces.

Inventory:

Hand Weapons
 c - a +0 dagger (weapon)
Missiles
 n - a throwing net (quivered)
Armour
 a - a +0 robe (worn)
Scrolls
 b - a scroll of fear {unknown}
 e - 2 scrolls of teleportation {unknown}
 f - 2 scrolls of identify {unknown}
 h - a scroll of remove curse {unknown}
 j - a scroll of fog {unknown}
 m - a scroll of enchant armour {unknown}
Potions
 d - a potion of heal wounds {unknown}
 g - a potion of brilliance {unknown}
 i - a potion of degeneration {unknown}
 l - a potion of might {unknown}


   Skills:
 + Level 0.1 Short Blades
 + Level 2.6 Dodging
 + Level 3.1 Stealth
 + Level 5.2 Spellcasting
 + Level 5.8 Ice Magic


You had 7 spell levels left.
You knew the following spells:

 Your Spells              Type           Power        Failure   Level
a - Freeze                Ice            ####         1%          1
b - Frozen Ramparts       Ice            ####..       2%          3
c - Ozocubu's Armour      Ice            ####....     2%          3

Your spell library contained the following spells:

 Spells                   Type           Power        Failure   Level
 Hailstorm                Conj/Ice       ###.....     32%         4
 Summon Ice Beast         Ice/Summ       ###.....     32%         4


Dungeon Overview and Level Annotations

Branches:
Dungeon (3/15)

Altars:
Elyvilon
Nemelex Xobeh
Qazlal
Uskayaw


Message History

* * * LOW HITPOINT WARNING * * *
The wall freezes the orc wizard.
You kill the orc wizard!
Your Spellcasting skill increases to level 5!
The wall freezes the orc!
You kill the orc!
The wall freezes something.
The frozen ramparts melt away.
Casting: Frozen Ramparts (dangerous; 2% risk of failure)
Confirm with . or Enter, or press ? or * to list all spells.
The walls around you are covered in ice.
An orc is nearby!
Unknown command.
The wall freezes something.
The wall freezes something.
A hobgoblin comes into view. It is wielding a +0 club.
The wall freezes something.
A puff of flame appears from out of thin air!
The puff of flame hits you!
You die...

#.......# .......
#.......# .......
#.......# .......
#...o..<# .......
#.......# .......
#.....[o# ....g
#|.....{#
#####..############.####
.......@.....{)o..))...+
######.########.###.####
#. #.# #.# #. #+# #o. #.
.... ## ..... ......
.o...


You could see a hobgoblin (asleep).

Vanquished Creatures
  An orc priest (D:3)
  An orc wizard (D:3)
  3 gnolls (D:2)
  2 adders
  A dart slug (D:1)
  2 leopard geckos (D:1)
  3 orcs
  7 bats
  4 giant cockroaches
  7 goblins
  6 hobgoblins
  6 jackals
  2 kobolds (D:1)
  A quokka (D:2)
  3 frilled lizards (D:2)
  5 rats
54 creatures vanquished.

Notes
Turn   | Place    | Note
-------+----------+-------------------------------------------
     0 | D:1      | robertstho the Deep Elf Ice Elementalist began the quest
                  | for the Orb.
     0 | D:1      | Reached XP level 1. HP: 10/10 MP: 6/6
   271 | D:1      | Reached XP level 2. HP: 15/15 MP: 4/8
   576 | D:1      | Reached skill level 5 in Ice Magic
   832 | D:1      | Reached XP level 3. HP: 19/19 MP: 9/9
   990 | D:1      | Learned a level 3 spell: Frozen Ramparts
   994 | D:1      | Learned a level 3 spell: Ozocubu's Armour
  1382 | D:2      | Reached XP level 4. HP: 23/24 MP: 7/12
  1855 | D:2      | Found a hide-covered altar of Uskayaw.
  1862 | D:2      | Found a stormy altar of Qazlal.
  1863 | D:2      | Found a sparkling altar of Nemelex Xobeh.
  1868 | D:2      | Found a white marble altar of Elyvilon.
  2265 | D:3      | Reached XP level 5. HP: 19/28 MP: 10/14
  2269 | D:3      | Reached skill level 5 in Spellcasting
  2276 | D:3      | Killed from afar by an orc wizard

Illustrated notes

Levels and vault maps discovered:
D:1:      ebering_trefoil_3fold, layout_basic
D:2:      layout_loops_ring, minitemple
D:3:      layout_basic, uniq_robin

Skill      XL: |  1  2  3  4  5 |
---------------+----------------+-----
Ice Magic      | 5 |  5.8
Spellcasting   | 4 5 |  5.2
Stealth        | 3 |  3.1
Short Blades   | |  0.1
Dodging        | |  2.6

Action                   |  1- 3 |  4- 6 || total
-------------------------+-------+-------++-------
Melee: Dagger            |    28 |     6 ||    34
       Unarmed           |     2 |       ||     2
 Cast: Freeze            |    23 |       ||    23
       Frozen Ramparts   |     4 |    15 ||    19
  Use: Potion            |       |     2 ||     2
 Stab: Sleeping          |     4 |       ||     4
Armor: Robe              |    10 |       ||    10
Dodge: Dodged            |    37 |    16 ||    53

Table legend: (Time is in decaauts)
 A = Elapsed time spent in this place.
 B = Non-inter-level travel time spent in this place.
 C = Inter-level travel time spent in this place.
 D = Time resting spent in this place.
 E = Time spent auto-exploring this place.
 F = Levels seen in this place.
 G = Mean time per level.
                   A        B        C        D        E       F      G
               +--------+--------+--------+--------+--------+-----+--------+
         Total |   2275 |   2229 |     46 |      0 |   1872 |   3 |  758.3 |
       Dungeon |   2275 |   2229 |     46 |      0 |   1872 |   3 |  758.3 |
               +--------+--------+--------+--------+--------+-----+--------+

Top non-repeatable levels by time:
     D:2: 1227 daAuts
     D:1: 1022 daAuts
     D:3: 24 daAuts
